 Dungeon Crawl Stone Soup version 0.23.2-1-ga50397a (webtiles) character file.

Game seed: 4963877444381402138

6238 Fang the Fighter (level 10, 0/99 HPs)
             Began as a Gargoyle Berserker on May 13, 2019.
             Was a High Priest of Trog.
             Slain by Gastronok (11 damage)
             ... on level 9 of the Dungeon.
             The game lasted 00:09:46 (7667 turns).

Fang the Fighter (Gargoyle Berserker)               Turns: 7667, Time: 00:09:48

Health: 0/99       AC: 22    Str: 30    XL:     10   Next: 93%
Magic:  10/10      EV: 11    Int:  7    God:    Trog [*****.]
Gold:   476        SH:  0    Dex: 12    Spells: 9/9 levels left

rFire    . . .     SeeInvis .   r - +5 war axe (elec)
rCold    . . .     Gourm    .   (no shield)
rNeg     + . .     Faith    .   b - +1 plate armour
rPois    ∞         Spirit   .   (no helmet)
rElec    +         Reflect  .   (no cloak)
rCorr    .         Harm     .   (no gloves)
MR       .....                  (no boots)
Stlth    ..........             (no amulet)
HPRegen  0.26/turn              (no ring)
MPRegen  0.12/turn              k - +3 ring of dexterity

@: berserking, studying Throwing, very quick
A: negative energy resistance 1, electricity resistance, unbreathing,
petrification resistance, rot immunity, AC +7
a: Berserk, Trog's Hand, Brothers in Arms, Renounce Religion


You were on level 9 of the Dungeon.
You worshipped Trog.
Trog was extremely pleased with you.
You were very hungry.

You visited 2 branches of the dungeon, and saw 10 of its levels.

You collected 476 gold pieces.

Inventory:

Hand Weapons
 a - a +1 war axe
 d - a +2 hand axe of flaming
 r - a +5 war axe of electrocution (weapon)
Armour
 b - a +1 plate armour (worn)
 v - the +2 leather armour "Ziubosas" {rPois rF- rCorr Stlth+}
   (You found it on level 6 of the Dungeon)

   It makes you vulnerable to fire.
   It protects you from poison.
   It provides partial protection from all sources of acid and corrosion.
   It makes you more stealthy.
Jewellery
 k - a +3 ring of dexterity (right hand)
 A - an uncursed ring of ice
Wands
 i - a wand of digging (9)
 p - a wand of random effects (37)
 q - a wand of paralysis (19)
Scrolls
 f - a scroll of noise {unknown}
 g - a scroll of fog
 j - 6 scrolls of teleportation
 o - 2 scrolls of blinking
 t - a scroll of remove curse
 u - a scroll of holy word {unknown}
 w - 2 scrolls of magic mapping
 y - 2 scrolls of fear {unknown}
Potions
 e - 4 potions of curing
 h - 6 potions of heal wounds
 l - 4 potions of haste
 n - a potion of agility
 s - a potion of invisibility
 x - a potion of cancellation
Books
 m - a manual of Throwing
Comestibles
 c - 15 rations
 z - 3 chunks of flesh


   Skills:
 + Level 9.5 Fighting
 + Level 7.9 Axes
 + Level 9.2 Armour
 + Level 6.9 Dodging


You had 9 spell levels left.
You didn't know any spells.
Your spell library was empty.

Dungeon Overview and Level Annotations

Branches:
Dungeon (9/15)             Temple (1/1) D:5
   Lair: D:8-11         Orc: D:9-12

Altars:
Ashenzari
Cheibriados
Dithmenos
Hepliaklqana
Makhleb
Nemelex Xobeh
Qazlal
Ru
Sif Muna
Trog
Vehumet
Yredelemnul
The Shining One

Shops:
D:7 :

Annotations:
D:4 exclusion: statue
D:9 Gastronok


Innate Abilities, Weirdness & Mutations

You are resistant to torment.
Your stone body is resilient. (AC +7)
You are immune to poison.
You resist negative energy. (rN+)
You are resistant to electric shocks. (rElec)
You can survive without breathing.
You are immune to petrification.
You are immune to rotting.


Message History

You slash Gastronok! Lightning courses through Gastronok!
Gastronok is moderately wounded.
Gastronok bites you!!
You slash Gastronok!
Gastronok is moderately wounded.
You slash Gastronok! Lightning courses through Gastronok!
Gastronok is heavily wounded.
Your plate armour prevents you from hitting Gastronok.
Gastronok is heavily wounded.
Gastronok makes a strange noise.
Gastronok waves his eye-stalks in wide circles.
The air twists around and strikes you!
* * * LOW HITPOINT WARNING * * *
You slice Gastronok!!
Gastronok is severely wounded.
You hit Gastronok.
Gastronok is severely wounded.
Gastronok makes a strange noise.
Gastronok bites you!
You die...

#....................
#...(................
#############........
#........
############........
................(...
........######......
....?...# ...###
.......@# .....
.......w............
..............######
############..# ..


You could see Gastronok.

Vanquished Creatures
  Erica (D:8)
  Pikel (D:6)
  An ugly thing (D:8)
  Maurice (D:8)
  A hornet (D:7)
  A spriggan (D:8)
  2 wraiths (D:7)
  A wyvern (D:6)
  Grum (D:8)
  A hungry ghost (D:8)
  A water moccasin (D:7)
  5 phantoms
  A sky beast (D:7)
  4 slaves (D:6)
  3 wolves (D:8)
  2 orc warriors
  A necrophage (D:4)
  3 ogres
  Blork the orc (D:6)
  3 bullfrogs
  2 scorpions
  7 wights
  2 howler monkeys
  A crimson imp (D:7)
  4 human zombies (D:7)
  3 centaur skeletons
  A gnoll shaman (D:5)
  5 orc priests
  4 hounds
  6 orc wizards
  A bullfrog skeleton (D:5)
  3 worker ants
  An ogre zombie (D:7)
  A hound zombie (D:7)
  Robin (D:3)
  A worker ant zombie (D:7)
  6 gnolls
  12 adders
  A shadow imp (D:7)
  4 oozes
  2 adder skeletons
  An adder zombie (D:6)
  6 worms
  A dart slug (D:2)
  7 leopard geckos
  26 orcs
  8 bats
  2 giant cockroaches
  19 goblins
  8 hobgoblins
  21 jackals
  5 kobolds
  6 quokkas
  2 ball pythons
  5 frilled lizards
  A leopard gecko skeleton (D:4)
  5 rats
226 creatures vanquished.

Vanquished Creatures (others)
  A wight (D:6)
1 creature vanquished.

Grand Total: 227 creatures vanquished

Notes
Turn   | Place    | Note
-------+----------+-------------------------------------------
     0 | D:1      | Fang the Gargoyle Berserker began the quest for the Orb.
     0 | D:1      | Reached XP level 1. HP: 14/14 MP: 1/1
    45 | D:1      | Reached XP level 2. HP: 11/19 MP: 2/2
   517 | D:1      | Reached XP level 3. HP: 20/23 MP: 3/3
   619 | D:1      | Reached ** piety under Trog
  1025 | D:2      | Reached XP level 4. HP: 26/29 MP: 4/4
  1185 | D:2      | Found a faded altar of an unknown god.
  1526 | D:3      | Reached XP level 5. HP: 25/33 MP: 5/5
  1964 | D:3      | Found a hazy altar of Hepliaklqana.
  2034 | D:3      | Reached *** piety under Trog
  2069 | D:3      | Noticed Robin
  2090 | D:3      | Reached XP level 6. HP: 32/39 MP: 6/6
  2097 | D:3      | Killed Robin
  2118 | D:3      | Found a deep blue altar of Sif Muna.
  2672 | D:4      | Found a radiant altar of Vehumet.
  2800 | D:4      | Reached skill level 5 in Fighting
  2800 | D:4      | Reached XP level 7. HP: 20/44 MP: 7/7
  3366 | D:4      | Reached **** piety under Trog
  3485 | D:5      | Entered Level 5 of the Dungeon
  3707 | D:5      | Reached skill level 5 in Armour
  3822 | D:5      | Reached XP level 8. HP: 47/51 MP: 8/8
  3916 | D:5      | Found a shadowy altar of Dithmenos.
  3944 | D:5      | Found a glowing golden altar of the Shining One.
  3979 | D:5      | Found a shattered altar of Ashenzari.
  4068 | D:5      | Reached skill level 5 in Axes
  4480 | D:5      | Found a staircase to the Ecumenical Temple.
  4502 | Temple   | Entered the Ecumenical Temple
  4782 | D:6      | Noticed Pikel
  4803 | D:6      | Killed Pikel
  4803 | D:6      | Reached skill level 5 in Dodging
  4803 | D:6      | Reached XP level 9. HP: 37/57 MP: 9/9
  4914 | D:6      | Found a sacrificial altar of Ru.
  5345 | D:6      | Got a twisted leather armour
  5356 | D:6      | Identified the +2 leather armour "Ziubosas" {rPois rF-
                  | rCorr Stlth+} (You found it on level 6 of the Dungeon)
  5555 | D:6      | Found a stormy altar of Qazlal.
  5600 | D:6      | Noticed Blork the orc
  5609 | D:6      | Killed Blork the orc
  5624 | D:6      | Found a sparkling altar of Nemelex Xobeh.
  5624 | D:6      | Found a bloodstained altar of Trog.
  5968 | D:7      | Found Epue's Book Boutique.
  6425 | D:7      | Reached ***** piety under Trog
  6427 | D:7      | Found a basalt altar of Yredelemnul.
  6451 | D:7      | Reached XP level 10. HP: 61/64 MP: 10/10
  6884 | D:8      | Noticed Grum
  6901 | D:8      | Killed Grum
  6972 | D:8      | Noticed Maurice
  6985 | D:8      | Killed Maurice
  7018 | D:8      | Noticed Erica
  7026 | D:8      | Killed Erica
  7126 | D:8      | Found a snail-covered altar of Cheibriados.
  7254 | D:8      | Noticed a brown ugly thing
  7261 | D:8      | Killed a brown ugly thing
  7261 | D:8      | Received a gift from Trog
  7326 | D:8      | Found a burning altar of Makhleb.
  7333 | D:8      | Noticed a blizzard demon
  7337 | D:8      | Noticed a smoke demon
  7337 | D:8      | Noticed a smoke demon
  7656 | D:9      | Noticed Gastronok
  7667 | D:9      | Slain by Gastronok

Skill      XL: |  1  2  3  4  5  6  7  8  9 10 |
---------------+-------------------------------+-----
Dodging        | 2 3 5 6 |  6.9
Axes           | 3 4 5 6 7 |  7.9
Armour         | 3 4 5 6 7 9 |  9.2
Fighting       | 4 5 7 8 9 |  9.5

Action                   |  1- 3 |  4- 6 |  7- 9 | 10-12 || total
-------------------------+-------+-------+-------+-------++-------
Melee: Hand axe          |    59 |   127 |   226 |       ||   412
       War axe           |    17 |    59 |   106 |   125 ||   307
Invok: Berserk           |     1 |     1 |     4 |     3 ||     9
       Trog's Hand       |       |       |     2 |       ||     2
  Use: Scroll            |     4 |     3 |     7 |     3 ||    17
 Stab: Sleeping          |     1 |     1 |       |       ||     2
  Eat: Chunk             |     1 |     7 |    16 |     4 ||    28
       Ration            |       |       |       |     1 ||     1
Armor: Animal skin       |    40 |    63 |    33 |       ||   136
       Plate armour      |       |       |   156 |    82 ||   238
       Chain mail        |       |       |     3 |       ||     3
Dodge: Dodged            |    82 |   112 |   132 |    55 ||   381
